 Dungeon Crawl Stone Soup version 0.27-a0-423-gf312af23e9 (webtiles) character file.

Game seed: 8718538157653129812

1134 kniiight the Covert (level 8, 0/36 HPs)
             Began as a Spriggan Enchanter on Feb 26, 2021.
             Was a Believer of Dithmenos.
             Slain by a bullfrog (4 damage)
             ... on level 7 of the Dungeon.
             The game lasted 00:27:33 (9321 turns).

kniiight the Covert (Spriggan Enchanter)            Turns: 9321, Time: 00:27:34

Health: 0/36       AC:  3    Str:  4    XL:     8   Next: 14%
Magic:  13/13      EV: 20    Int: 17    God:    Dithmenos [**....]
Gold:   295        SH:  0    Dex: 17    Spells: 1/13 levels left

rFire    . . .     SeeInvis +   g - +1 dagger (vamp)
rCold    . . .     Faith    .   (shield restricted)
rNeg     + + .     Spirit   .   y - +1 robe "Xusy" {rPois rN++}
rPois    +         Reflect  .   (helmet restricted)
rElec    .         Harm     .   (no cloak)
rCorr    .         Rampage  .   (gloves unavailable)
Will     +....                  (boots unavailable)
Stlth    +++++.....             (no amulet)
HPRegen  0.12/turn              (no ring)
MPRegen  0.13/turn              (no ring)

@: wreathed by umbra, very quick
A: very small, unfitting armour, see invisible, speed 3
a: Renounce Religion, Shadow Step


You were on level 7 of the Dungeon.
You worshipped Dithmenos.
Dithmenos was pleased with you.
You visited 2 branches of the dungeon, and saw 8 of its levels.
You also visited: Sewer and Bailey.

You collected 322 gold pieces.
You spent 27 gold pieces at shops.

Inventory:

Hand Weapons
 a - a +1 dagger
 g - a +1 vampiric dagger (weapon)
 j - a +1 dagger of draining
 n - a +0 hunting sling
Missiles
 b - 21 bolts
 e - 145 arrows
 f - 14 poisoned darts
 o - 194 stones
Armour
 y - the +1 robe "Xusy" (worn) {rPois rN++}
   (You found it on level 4 of the Dungeon)

   It protects you from poison.
   It greatly protects you from negative energy.
Wands
 k - a wand of paralysis (13)
 w - a wand of acid (8)
 x - a wand of charming (6)
Scrolls
 h - a scroll of noise
 l - a scroll of blinking {unknown}
 p - 3 scrolls of teleportation
Potions
 c - 2 potions of mutation
 d - a potion of attraction
 i - a potion of lignification
 m - a potion of berserk rage {unknown}
 q - a potion of invisibility {unknown}
 r - 3 potions of magic
 s - a potion of degeneration {unknown}
 t - 3 potions of haste {unknown}
 z - 7 potions of curing {unknown}


   Skills:
 + Level 5.4 Short Blades
 - Level 4.4 Dodging
 + Level 9.5 Stealth
 - Level 3.2 Spellcasting
 + Level 7.2 Hexes
 - Level 0.4 Ice Magic


You had one spell level left.
You knew the following spells:

 Your Spells              Type           Power        Failure   Level
a - Corona                Hex            30%          1%          1
b - Ensorcelled Hibernat  Hex/Ice        30%          5%          2
c - Confusing Touch       Hex            27%          2%          3
d - Dazzling Flash        Conj/Hex       30%          12%         3
e - Tukima's Dance        Hex            27%          2%          3

Your spell library contained the following spells:

 Spells                   Type           Power        Failure   Level


Dungeon Overview and Level Annotations

Branches:
Dungeon (7/15)             Temple (1/1) D:5           Sewer (visited)
 Bailey (visited)

Altars:
Ashenzari
Cheibriados
Dithmenos
Elyvilon
Fedhas
Gozag
Hepliaklqana
Kikubaaqudgha
Makhleb
Nemelex Xobeh
Okawaru
Qazlal
Ru
Sif Muna
Trog
Uskayaw
Wu Jian
Xom
Yredelemnul
The Shining One

Shops:
D:4 !   D:6 *

Annotations:
D:1 exclusions: downstairs and 3 more exclusions
D:3 exclusion: dart slug
D:4 1 runed translucent door, porpoise's ghost, amateur FoFi
D:6 Pikel


Innate Abilities, Weirdness & Mutations

You are very small and have problems with some larger weapons.
You are too small for most types of armour.
You have supernaturally acute eyesight. (SInv)
You cover ground extremely quickly.


Message History

This square is wreathed by an umbra.
The world spins around you as you enter the gateway.
You enter a bailey!
Found a gate leading back out of this place.
There is an empty arch of ancient stone here.
You start resting.
HP restored.
You start resting.
Magic restored.
An orc warrior comes into view. It is wielding a +0 arbalest.
There is an empty arch of ancient stone here.
An orc warrior comes into view. It is wielding a +0 arbalest.
There is an empty arch of ancient stone here.
There is a gate leading back out of this place here.
Welcome back to the Dungeon!
The orc warrior hits you with a +2 long sword of electrocution!!
Ouch! That really hurt!
You are electrocuted!
* * * LOW HITPOINT WARNING * * *
The orc shouts!
There is an empty arch of ancient stone, spattered with blood here.
Found an escape hatch in the ceiling.
Okay, then.
Okay, then.
Aiming: Paralyse
Press: ? - help, Shift-Dir - straight line, f - orc warrior
Aim: an orc warrior, wielding a +2 long sword of electrocution and wearing a +0 chain mail (umbra, chance to affect: 46%)
Okay, then.
Aiming: Corrosive Bolt
Press: ? - help, Shift-Dir - straight line, f - orc warrior
Aim: an orc warrior, wielding a +2 long sword of electrocution and wearing a +0 chain mail (umbra, 32% to evade)
Okay, then.
Aiming: Charm
Press: ? - help, Shift-Dir - straight line, f - orc warrior
Aim: an orc warrior, wielding a +2 long sword of electrocution and wearing a +0 chain mail (umbra, chance to affect: 46%)
Okay, then.
There is an escape hatch in the ceiling here.
The bullfrog croaks.
The bullfrog completely misses you. The bullfrog hits you.
You die...

#.# #.......# #.#.#<).#.
#.# #.......# #.#.#)###.
#.# #.......# #.#.#...#.
#.# ####[...# #.#.###.#.
#.# #....# #.#.†...#. #.#
############.######## #.#
#.................... #
#)# #....F.......########
#.## #.# ###o..@.....[..#
.....#)## #..............#
.....#).###..............#
.........o...............#
.......)..........########
......)∩).#.......#
.......)..#.......#
..........#.......#
#....#.####.......#


You could see an orc warrior, a bullfrog and an orc.

Vanquished Creatures
  An orc warrior (D:5)
  An ogre (D:5)
  A phantom (D:4)
  3 hounds
  2 orc priests
  Ijyb (D:4)
  Natasha (twice) (D:3 D:2)
  2 iguanas
  5 orc wizards
  6 worker ants
  4 gnolls (D:7)
  10 adders
  A shadow imp (D:6)
  2 ufetubi
  An ooze (D:4)
  5 worms
  3 dart slugs
  4 leopard geckos
  25 orcs
  5 giant cockroaches
  8 goblins
  7 hobgoblins
  24 jackals
  8 kobolds
  4 quokkas
  4 ball pythons
  9 bats
  4 frilled lizards
  A leopard gecko skeleton (D:5)
  A leopard gecko zombie (D:7)
  7 rats
161 creatures vanquished.

Vanquished Creatures (collateral kills)
  A hound skeleton (D:4)
  An orc (D:5)
2 creatures vanquished.

Vanquished Creatures (others)
  17 plants
17 creatures vanquished.

Grand Total: 180 creatures vanquished

Notes
Turn   | Place    | Note
-------+----------+-------------------------------------------
     0 | D:1      | kniiight the Spriggan Enchanter began the quest for the
                  | Orb.
     0 | D:1      | Reached XP level 1. HP: 9/9 MP: 5/5
   362 | D:1      | Reached XP level 2. HP: 12/13 MP: 6/6
   365 | D:1      | Learned a level 2 spell: Ensorcelled Hibernation
   773 | D:2      | Found a shimmering altar of Xom.
   779 | D:2      | Reached skill level 5 in Stealth
  1022 | D:2      | Reached XP level 3. HP: 16/16 MP: 5/8
  1839 | D:2      | Found a sacrificial altar of Ru.
  1839 | D:2      | Found a snail-covered altar of Cheibriados.
  1847 | D:2      | Found a faded altar of an unknown god.
  1849 | D:2      | Found a faded altar of an unknown god.
  1850 | D:2      | Found an opulent altar of Gozag.
  2243 | D:3      | Noticed Natasha
  2250 | D:3      | Killed Natasha
  2251 | D:3      | Reached XP level 4. HP: 9/21 MP: 6/9
  2687 | D:3      | Noticed Natasha
  2963 | D:3      | Noticed a phantom
  2975 | D:2      | Learned a level 3 spell: Confusing Touch
  2979 | D:2      | Learned a level 3 spell: Dazzling Flash
  3234 | D:2      | Killed Natasha
  3235 | D:2      | Reached skill level 6 in Stealth
  4149 | D:4      | Reached XP level 5. HP: 24/24 MP: 3/10
  4310 | D:4      | Found Ulaemeb's Distillery.
  4325 | D:4      | Noticed a phantom
  4398 | D:4      | Killed a phantom
  4638 | D:4      | Found a runed translucent door.
  4674 | D:4      | Identified the +4 quarterstaff "Xiho" {pain, *Contam Will-
                  | Int+9 SInv}
  4713 | D:5      | Entered Level 5 of the Dungeon
  4713 | D:5      | Noticed an ogre
  4819 | D:4      | Reached skill level 5 in Hexes
  4826 | D:4      | Reached XP level 6. HP: 28/28 MP: 3/11
  5017 | D:4      | Noticed Ijyb
  5025 | D:4      | Killed Ijyb
  5281 | D:4      | Noticed porpoise's ghost (amateur FoFi)
  5307 | D:4      | Reached skill level 7 in Stealth
  5308 | D:4      | Identified the +1 robe "Xusy" {rPois rN++}
  5357 | D:5      | Noticed an orc warrior
  5457 | D:5      | Found a staircase to the Ecumenical Temple.
  5468 | Temple   | Entered the Ecumenical Temple
  5594 | Temple   | Became a worshipper of Dithmenos the Shadowed
  5672 | D:5      | Reached XP level 7. HP: 32/32 MP: 12/12
  5844 | D:5      | Found a bloodstained altar of Trog.
  5881 | D:5      | Reached skill level 8 in Stealth
  5968 | D:5      | Identified the +8 long sword of Crusades {flame, Int+3}
  5996 | D:5      | Learned a level 3 spell: Tukima's Dance
  6298 | D:5      | Found an iron altar of Okawaru.
  6335 | D:5      | Reached * piety under Dithmenos
  6588 | D:5      | Identified the +7 quarterstaff of the Thieving Fulmar
                  | {venom, rF+ Str+4 SInv}
  6741 | D:6      | Found Koytuch's Assorted Antiques.
  6790 | D:6      | Found a glowing drain.
  7152 | Sewer    | Entered a sewer
  7227 | Sewer    | Reached skill level 9 in Stealth
  7747 | Sewer    | Reached skill level 5 in Short Blades
  8230 | D:6      | Noticed Pikel
  8551 | D:6      | Bought a puce potion for 27 gold pieces
  8854 | D:7      | Reached XP level 8. HP: 36/36 MP: 13/13
  8907 | D:7      | Reached ** piety under Dithmenos
  9144 | D:7      | Found a flagged portal.
  9145 | D:7      | Found the +12 glaive of Prune {vorpal}
  9237 | Bailey   | Entered a bailey
  9321 | D:7      | Slain by a bullfrog

Illustrated notes

Levels and vault maps discovered:
D:1:      shiori_arrival_elements, layout_basic
D:2:      layout_rooms, overflow_temple_1_default,
          chequers_temple_overflow_minitemple, serial_curves, eino_curves_01,
          eino_curves_04
D:3:      corexii_shack_village, layout_basic, kennysheep_slug_shrine,
          uniq_natasha
D:4:      layout_rooms, serial_shops,
          nicolae_shop_temple_entry_statues_fountains, ebering_ghost_sewer_d,
          bh_walls_and_bars, uniq_ijyb
D:5:      layout_rooms, bloody_trog, okawaru_ov_weapons_minmay,
          minmay_temple_entry_arrows, kennysheep_generic_room_9
D:6:      layout_layer_cave, zin_angel, serial_shops, shop,
          gup_sewer_entry_glass, guppyfry_shop_venom, uniq_pikel
D:7:      layout_basic, enter_bailey_2, serial_shops, nicolae_shop_waterfront,
          minmay_checkerbox
Temple:   zaba_magenta_temple

Skill      XL: |  1  2  3  4  5  6  7 |
---------------+----------------------+-----
Spellcasting   | 3 |  3.2
Stealth        | 5 6 7 9 |  9.5
Hexes          | 4 5 7 |  7.2
Dodging        | 3 4 |  4.4
Short Blades   | 2 3 5 |  5.4
Ice Magic      | |  0.4

Action                   |  1- 3 |  4- 6 |  7- 9 || total
-------------------------+-------+-------+-------++-------
Melee: Dagger            |    58 |   100 |   213 ||   371
 Cast: Ensorcelled Hiber |    29 |    58 |    84 ||   171
       Corona            |       |     2 |     3 ||     5
       Confusing Touch   |       |     2 |     4 ||     6
       Tukima's Dance    |       |       |     4 ||     4
       Dazzling Flash    |       |       |     4 ||     4
Evoke: Wand              |       |     2 |     1 ||     3
  Use: Scroll            |       |       |     9 ||     9
       Potion            |       |       |     2 ||     2
 Stab: Sleeping          |    30 |    34 |    57 ||   121
       Distracted        |     2 |       |       ||     2
       Paralysed         |       |     1 |       ||     1
       Confused          |       |     2 |     4 ||     6
       Invisible         |       |       |     3 ||     3
Armor: Robe              |     5 |     7 |     7 ||    19
       Skin              |       |       |    26 ||    26
Dodge: Dodged            |    38 |   105 |   185 ||   328

Table legend: (Time is in decaauts)
 A = Elapsed time spent in this place.
 B = Non-inter-level travel time spent in this place.
 C = Inter-level travel time spent in this place.
 D = Time resting spent in this place.
 E = Time spent auto-exploring this place.
 F = Levels seen in this place.
 G = Mean time per level.
                   A        B        C        D        E       F      G
               +--------+--------+--------+--------+--------+-----+--------+
         Total |   7645 |   7523 |    122 |   2089 |   3833 |  10 |  764.5 |
       Dungeon |   6590 |   6477 |    113 |   1995 |   3053 |   7 |  941.4 |
        Temple |    115 |    107 |      8 |      0 |     96 |   1 |  115.0 |
         Sewer |    868 |    868 |      0 |     27 |    682 |   1 |  868.0 |
        Bailey |     71 |     71 |      0 |     67 |      0 |   1 |   71.0 |
               +--------+--------+--------+--------+--------+-----+--------+

Top non-repeatable levels by time:
     D:4: 1372 daAuts
     D:2: 1285 daAuts
     D:3: 1211 daAuts
     D:5: 1107 daAuts
   Sewer: 868 daAuts
     D:1: 767 daAuts
     D:7: 518 daAuts
     D:6: 327 daAuts
  Temple: 115 daAuts
  Bailey: 71 daAuts
